 Dungeon Sprint DCSS version 0.31-a0-345-g1ebeae05c6 (webtiles) character file.

Game seed: 15183777448615014701

3962 rocky1 the Brawler (level 10, -5/75 HPs)
             Began as an Octopode Shapeshifter on July 23, 2023.
             Was an Initiate of Gozag.
             Slain by a cane toad (7 damage)
             ... in the Dungeon (Sprint III: "The Ten Rune Challenge").
             The game lasted 00:09:17 (2364 turns).

rocky1 the Brawler (Octopode Shapeshifter)          Turns: 2364, Time: 00:09:18

Health: -5/75      AC:  1    Str: 18    XL:     10   Next: 22%
Magic:  10/10      EV: 15    Int: 11    God:    Gozag
Gold:   1293       SH:  0    Dex: 13    Spells: 9/9 levels left

rFire   . .          .
                       - Unarmed
rCold   . . .        (no shield)
rNeg    . . .        (helmet currently unavailable)
rPois   .            (no amulet)
rElec   .            (no ring)
rCorr   .            (no ring)
SInv    .            (no ring)
Will    .....        (no ring)
Stlth   ++++++       (no ring)
HPRegen 0.32/turn    (no ring)
MPRegen 0.12/turn    (no ring)
                     (no ring)

%: no teleportation
@: lethally poisoned (-5 -> -25), beast-form
A: beast (slay +7), almost no armour, amphibious, 8 rings, camouflage 1,
gelatinous body 1, nimble swimmer 1, tentacles, robust 1
a: Begin Untransformation, Renounce Religion, Potion Petition, Call Merchant,
Bribe Branch


You were in the Dungeon.
You worshipped Gozag.
Gozag was most pleased with you.
You were a hulking beast.
You visited 1 branch You collected 1293 gold pieces.

Inventory:

Talismans
 b - a beast talisman
Scrolls
 h - a scroll of blinking
 j - 2 scrolls of immolation {unknown}
 k - 2 scrolls of identify {unknown}
Potions
 a - a potion of lignification
 e - a potion of haste
 f - 2 potions of magic
 i - 3 potions of mutation
 l - 2 potions of enlightenment {unknown}


   Skills:
 * Level 6.9 Fighting
 + Level 6.0 Dodging
 + Level 10.4 Stealth
 * Level 17.1 Unarmed Combat
 - Level 1.9 Evocations
 - Level 10.0 Shapeshifting


You had 9 spell levels left.
You didn't know any spells.
Your spell library contained the following spells:

 Spells                   Type           Power      Damage    Failure   Level
 Poisonous Vapours        Pois/Air       0%         N/A       47%         2
 Mephitic Cloud           Conj/Pois/Air  0%         N/A       71%         3
 Freezing Cloud           Conj/Ice/Air   0%         6-21      100%        5


Dungeon Overview and Level Annotations

Branches:
Dungeon (1/1)

Altars:
Cheibriados
Dithmenos
Elyvilon
Fedhas
Gozag
Hepliaklqana
Kikubaaqudgha
Makhleb
Nemelex Xobeh
Okawaru
Qazlal
Ru
Sif Muna
Trog
Uskayaw
Vehumet
Wu Jian
Xom
Yredelemnul
Zin
The Shining One
Jiyva
Lugonu


Innate Abilities, Weirdness & Mutations

You are a hulking beast.
Your limbs bulge with bestial killing power. (Slay +7)
You cannot wear most types of armour.
You are amphibious.
You can wear up to eight rings at the same time.
Your skin changes colour to match your surroundings (Stealth+).
Your rubbery body absorbs attacks. (AC +1, EV +1)
You are camouflaged when in or above water. (Stealth+)
You have tentacles for arms and can constrict up to eight enemies at once.
You are robust. (+10% HP)


Message History

You batter the cane toad!! You grab the cane toad.
You tentacle-slap the cane toad!
The cane toad is severely wounded.
You constrict the cane toad, but do no damage.
You feel very sick.
You batter the cane toad!!
You kill the cane toad!
You feel sick.
Your Dodging skill increases to level 6!
Your Unarmed Combat skill increases to level 17!
You are too injured to fight recklessly!
Okay, then.
You feel very sick.
You feel very sick.
You feel sick.
You feel sick.
You feel sick.
You feel sick.
You feel sick.
You feel sick.
You feel sick.
You feel sick.
You are no longer poisoned.
The cane toad is distracted by your dazzling golden aura.
The cane toad is no longer distracted by gold.
The cane toad gives a loud, deep croak!
You tentacle-slap the cane toad. You grab the cane toad.
The cane toad is lightly wounded.
You constrict the cane toad. The cane toad stings you!!
* * * LOW HITPOINT WARNING * * *
You are lethally poisoned!
The cane toad poisons you!
You tentacle-slap the cane toad. You squeeze the cane toad!
The cane toad is heavily wounded.
You constrict the cane toad, but do no damage.
* * * LOW HITPOINT WARNING * * *
You feel very sick. The cane toad stings you!
You die...
Your body crumbles into a pile of gold.

.######'#$ $$$ $
.#__#...#+#####################
.#__#...#....#.#.#)).).#...^..+
##__#...##.#).#.##.###.#......#
)#__#...'##.#.#.##.#..##......#
_#__'...#...#..#..##..'^...^.^#
▓▓▓▓▓▓▓▓▓▓▓▓▓▓▓▓▓▓▓▓▓▓#..^....#
♣$~~........~~~...#....^..#
♣'♣≈≈≈≈≈≈≈≈≈Fh≈♣♣P.'^......#
.F♣♣♣♣♣♣♣♣♣♣♣♣♣♣♣♣PP#.^..^^.#
#.F ♣♣♣##+###### ## $ $$


You could see a cane toad.

Vanquished Creatures
  Erolcha (D)
  A deep elf pyromancer (D)
  A cane toad (D)
  A komodo dragon (D)
  3 wandering mushrooms (D)
  A shadow (D)
  2 redbacks (D)
  A spatial vortex (D)
  5 two-headed ogres (D)
  A necrophage (D)
  A water elemental (D)
  A scorpion (D)
  A jelly (D)
  Jessica (D)
  A necromancer (D)
  A wizard (D)
  A kobold demonologist (D)
  3 humans (D)
  2 endoplasms (D)
29 creatures vanquished.

Notes
Turn   | Place    | Note
-------+----------+-------------------------------------------
     0 | D        | rocky1 the Octopode Shapeshifter began the quest for the
                  | Orb.
     0 | D        | Reached XP level 1. HP: 13/13 MP: 1/1
    13 | D        | Noticed Jessica
    16 | D        | Killed Jessica
    17 | D        | Reached skill level 1 in Stealth
    17 | D        | Reached skill level 4 in Unarmed Combat
    17 | D        | Reached XP level 2. HP: 12/18 MP: 2/2
    17 | D        | Reached XP level 3. HP: 15/23 MP: 3/3
   261 | D        | Noticed a scorpion
   267 | D        | Killed a scorpion
   268 | D        | Reached skill level 5 in Unarmed Combat
   268 | D        | Reached XP level 4. HP: 26/28 MP: 4/4
   471 | D        | Gained mutation: You are robust. (+10% HP) [potion of
                  | mutation]
   593 | D        | Noticed a water elemental
   601 | D        | Killed a water elemental
   602 | D        | Reached skill level 6 in Unarmed Combat
   602 | D        | Reached XP level 5. HP: 19/36 MP: 5/5
   718 | D        | Noticed a human
   719 | D        | Noticed a human
   742 | D        | Killed a human
   743 | D        | Reached skill level 8 in Unarmed Combat
   743 | D        | Reached XP level 6. HP: 42/42 MP: 6/6
   746 | D        | Killed a human
   747 | D        | Reached skill level 5 in Stealth
   747 | D        | Reached skill level 10 in Unarmed Combat
   906 | D        | Found an ornate altar of the Wu Jian Council.
   907 | D        | Found a hide-covered altar of Uskayaw.
   907 | D        | Found a bloodstained altar of Trog.
   909 | D        | Found an iron altar of Okawaru.
   932 | D        | Reached XP level 7. HP: 18/49 MP: 7/7
  1043 | D        | Noticed a shadow
  1046 | D        | Killed a shadow
  1047 | D        | Reached skill level 11 in Unarmed Combat
  1242 | D        | Found a blossoming altar of Fedhas.
  1242 | D        | Found a stormy altar of Qazlal.
  1242 | D        | Found a snail-covered altar of Cheibriados.
  1242 | D        | Found a burning altar of Makhleb.
  1242 | D        | Found a shimmering altar of Xom.
  1242 | D        | Noticed a spatial vortex
  1243 | D        | Found a hazy altar of Hepliaklqana.
  1243 | D        | Found an opulent altar of Gozag.
  1243 | D        | Found a sparkling altar of Nemelex Xobeh.
  1243 | D        | Found a corrupted altar of Lugonu.
  1243 | D        | Found a viscous altar of Jiyva.
  1246 | D        | Killed a spatial vortex
  1251 | D        | Became a worshipper of Gozag Ym Sagoz the Greedy
  1270 | D        | Found a basalt altar of Yredelemnul.
  1270 | D        | Found a shadowy altar of Dithmenos.
  1270 | D        | Found a sacrificial altar of Ru.
  1273 | D        | Reached skill level 12 in Unarmed Combat
  1297 | D        | Found a radiant altar of Vehumet.
  1297 | D        | Found a shimmering blue altar of Sif Muna.
  1297 | D        | Found an ancient bone altar of Kikubaaqudgha.
  1321 | D        | Found a glowing silver altar of Zin.
  1321 | D        | Found a glowing golden altar of the Shining One.
  1321 | D        | Found a white marble altar of Elyvilon.
  1322 | D        | Noticed a deep elf pyromancer
  1327 | D        | Killed a deep elf pyromancer
  1328 | D        | Reached skill level 13 in Unarmed Combat
  1328 | D        | Reached XP level 8. HP: 46/57 MP: 8/8
  1513 | D        | Reached skill level 14 in Unarmed Combat
  1699 | D        | Noticed a two-headed ogre
  1706 | D        | HP: 2/57 [two-headed ogre/+0 giant club (16)]
  1707 | D        | Killed a two-headed ogre
  1708 | D        | Reached XP level 9. HP: 2/63 MP: 9/9
  1917 | D        | Noticed Erolcha
  1918 | D        | Noticed a two-headed ogre
  1926 | D        | Killed Erolcha
  1927 | D        | Reached skill level 5 in Fighting
  1927 | D        | Reached skill level 5 in Dodging
  1927 | D        | Reached skill level 15 in Unarmed Combat
  1927 | D        | Reached skill level 1 in Evocations
  1930 | D        | Killed a two-headed ogre
  2116 | D        | Reached skill level 10 in Shapeshifting
  2226 | D        | Noticed a wandering mushroom
  2230 | D        | Noticed a wandering mushroom
  2232 | D        | Noticed a wandering mushroom
  2235 | D        | Killed a wandering mushroom
  2236 | D        | Reached skill level 10 in Stealth
  2236 | D        | Reached skill level 16 in Unarmed Combat
  2241 | D        | Reached XP level 10. HP: 54/75 MP: 10/10
  2334 | D        | Noticed a cane toad
  2334 | D        | Noticed a cane toad
  2344 | D        | Killed a cane toad
  2345 | D        | Reached skill level 17 in Unarmed Combat
  2364 | D        | HP: 2/75 [poisoned by a cane toad]
  2364 | D        | Slain by a cane toad

Illustrated notes

Levels and vault maps discovered:
D:        dungeon_sprint_mu [sprint_mu_entry_forest, sprint_mu_temple_rooms,
          sprint_mu_d1_spiders, sprint_mu_d2_genie, sprint_mu_d3_branching,
          sprint_mu_orc_legion, sprint_mu_elf_gauntlet, sprint_mu_hive_nellie,
          sprint_mu_lair_fedhas, sprint_mu_vaults_butterflies,
          sprint_mu_slime_circle, sprint_mu_swamp_cave, sprint_mu_shoals_kraken,
          sprint_mu_blade_basic, sprint_mu_crypt_lich, sprint_mu_tomb_spiral,
          sprint_mu_vestibule_basic, sprint_mu_gehenna_hellfire,
          sprint_mu_dis_giant, sprint_mu_tartarus_statrot,
          sprint_mu_cocytus_islands, sprint_mu_zot1]

Skill      XL: |  1  2  3  4  5  6  7  8  9 10 |
---------------+-------------------------------+-----
Stealth        | 1 2 3 4 5 7 8 10 | 10.4
Unarmed Combat | 4 5 6 8 10 13 14 16 17 | 17.1
Shapeshifting  | 4 6 7 8 9 10 | 10.0
Dodging        | 3 4 5 6 |  6.0
Fighting       | 2 3 4 6 |  6.9
Evocations     | 1 |  1.9

Action                     |  1- 3 |  4- 6 |  7- 9 | 10-12 || total
---------------------------+-------+-------+-------+-------++-------
  Melee: Unarmed           |     6 |    23 |    47 |    12 ||    88
         Tentacles         |     2 |     3 |    14 |     3 ||    22
         Constrict         |     2 |     3 |     4 |     3 ||    12
         Punch             |     1 |       |     5 |     2 ||     8
  Evoke: Wand              |       |       |     9 |       ||     9
    Use: Potion            |       |     2 |     3 |       ||     5
   Stab: Sleeping          |     2 |     1 |     4 |       ||     7
  Dodge: Dodged            |     2 |     9 |    38 |     3 ||    52

Table legend: (Time is in decaauts)
 A = Elapsed time spent in this place.
 B = Non-inter-level travel time spent in this place.
 C = Inter-level travel time spent in this place.
 D = Time resting spent in this place.
 E = Time spent auto-exploring this place.
 F = Levels seen in this place.
 G = Mean time per level.
                   A        B        C        D        E       F      G
               +--------+--------+--------+--------+--------+-----+--------+
         Total |   2355 |   2355 |      0 |   1899 |      5 |   1 | 2355.0 |
       Dungeon |   2355 |   2355 |      0 |   1899 |      5 |   1 | 2355.0 |
               +--------+--------+--------+--------+--------+-----+--------+

Top non-repeatable levels by time:
       D: 2355 daAuts
